 Dungeon Crawl Stone Soup version 0.20-a0-1016-g241539b (webtiles) character file.

47654 Griselidis the Martial Artist (level 14, -1/108 HPs)
             Began as a Gnoll Transmuter on Apr 15, 2017.
             Was an Elder of Ashenzari.
             Slain by a molten gargoyle
             ... wielding a +0 mace
              (5 damage)
             ... on level 6 of the Lair of Beasts.
             The game lasted 01:46:46 (23508 turns).

Griselidis the Martial Artist (Gnoll Transmuter)   Turns: 23508, Time: 01:46:47

Health: -1/108     AC:  7    Str: 10    XL:     14   Next: 42%
Magic:  23/28      EV: 18    Int: 17    God:    Ashenzari [****..]
Gold:   1219       SH:  5    Dex: 15    Spells: 18/33 levels left

rFire    + . .     SeeInvis +   l - +0 fustibalus
rCold    . . .     Gourm    .   I - +0 buckler
rNeg     . . .     Faith    .   m - +2 robe "Weyduin" {+Fly rElec rF+ rCorr}
rPois    .         Spirit   .   q - +1 helmet
rElec    +         Reflect  .   F - scarf {repulsion}
rCorr    +         Harm     .   (no gloves)
MR       .....     Clarity  +   r - +0 pair of boots
Stlth    ++++......             z - amulet of rage (curse)
Regen    0.3/turn               C - ring of wizardry (curse)
MPRegen  0.3/turn               B - ring of resist corrosion (curse)

@: repel missiles
A: short attention span, fangs 1, strong nose
a: Curse Item, Scrying, Renounce Religion, Evoke Berserk Rage, Evoke Flight


You were on level 6 of the Lair of Beasts.
You worshipped Ashenzari.
Ashenzari was greatly pleased with you.
You were hungry.

You visited 3 branches of the dungeon, and saw 18 of its levels.
You also visited: Ossuary.

You collected 1219 gold pieces.

Inventory:

Hand Weapons
 k - a +0 blowgun
 l - a +0 fustibalus (weapon)
Missiles
 y - 46 poisoned needles
 J - 79 sling bullets (quivered)
Armour
 m - the +2 robe "Weyduin" (worn) {+Fly rElec rF+ rCorr}
   (You found it on level 1 of the Dungeon)

   It protects you from fire.
   It insulates you from electricity.
   It lets you fly.
   It protects you from acid and corrosion.
 q - a +1 helmet (worn)
 r - a +0 pair of boots (worn)
 F - a scarf of repulsion (worn)
 I - a +0 buckler (worn)
 M - the +0 leather armour of Death's Door {rC+}
   (You found it on level 2 of the Lair of Beasts)

   It protects you from cold.
Jewellery
 p - an uncursed ring of protection from magic
 z - a cursed amulet of rage (around neck)
 B - a cursed ring of resist corrosion (right hand)
 C - a cursed ring of wizardry (left hand)
 S - the ring of Phasing {EV+8}
   (You found it on level 5 of the Lair of Beasts)

   [ring of evasion]

   It affects your evasion (+8).
Wands
 N - a wand of flame (23/48)
 Q - a wand of acid (6/15)
Scrolls
 a - a scroll of fear
 h - a scroll of fog
 i - 4 scrolls of identify
 o - 5 scrolls of teleportation
 A - 3 scrolls of enchant armour
 D - 2 scrolls of magic mapping
 G - a scroll of recharging
 H - a scroll of blinking
 L - a scroll of enchant weapon
 P - a scroll of amnesia
 R - a scroll of brand weapon {unknown}
 U - a scroll of remove curse
 Y - 2 scrolls of vulnerability {unknown}
Potions
 b - 5 potions of curing
 e - 3 potions of brilliance
 g - 2 potions of resistance
 j - 6 potions of lignification
 s - 3 potions of magic
 t - 2 potions of cancellation
 u - 3 potions of flight
 v - 2 potions of might
 x - 5 potions of heal wounds
 E - 2 potions of agility
 K - a potion of berserk rage
 O - a potion of mutation
Books
 c - a book of Changes

   Spells                             Type                      Level
   a - Beastly Appendage              Transmutation                1
   b - Sticks to Snakes               Transmutation                2
   c - Spider Form                    Transmutation/Poison         3
   d - Ice Form                       Ice/Transmutation            4
   e - Blade Hands                    Transmutation                5
 T - a book of Frost

   Spells                             Type                      Level
   a - Freeze                         Ice                          1
   b - Throw Frost                    Conjuration/Ice              2
   c - Ozocubu's Armour               Charms/Ice                   3
   d - Throw Icicle                   Conjuration/Ice              4
   e - Summon Ice Beast               Ice/Summoning                4
 W - a book of Fire

   Spells                             Type                      Level
   a - Ignite Poison                  Fire/Transmutation/Poison    3
   b - Fireball                       Conjuration/Fire             5
   c - Bolt of Fire                   Conjuration/Fire             6
   d - Ring of Flames                 Charms/Fire                  7
   e - Ignition                       Fire                         8
Comestibles
 d - 9 bread rations
 n - 4 meat rations
 w - 23 fruits
 V - 11 royal jellies


   Skills:
 + Level 9.4 Fighting
 + Level 9.1(10.0) Slings
 + Level 9.4(10.1) Throwing
 + Level 9.5 Dodging
 + Level 8.0 Stealth
 + Level 3.9 Shields
 * Level 11.0 Unarmed Combat
 + Level 10.2 Spellcasting
 + Level 10.1(11.6) Transmutations
 - Level 5.0(9.2) Ice Magic
 + Level 9.0(11.0) Evocations


You had 18 spell levels left.
You knew the following spells:

 Your Spells              Type           Power        Failure   Level  Hunger
a - Ozocubu's Armour      Chrm/Ice       ####....     1%          3    None
b - Ice Form              Ice/Tmut       #####...     1%          4    ###....
e - Spider Form           Tmut/Pois      ####......   1%          3    None
r - Blade Hands           Tmut           #####.....   1%          5    #####..


Dungeon Overview and Level Annotations

Branches:
Dungeon (11/15)            Temple (1/1) D:5            Lair (6/6) D:10
  Swamp (0/4) Lair:2       Spider (0/4) Lair:3        Slime (0/5) Lair:6
    Orc: D:9-12

Altars:
Ashenzari
Elyvilon
Fedhas
Kikubaaqudgha
Makhleb
Nemelex Xobeh
Okawaru
Qazlal
Ru
Sif Muna
Trog
Vehumet
Wu Jian
Xom
The Shining One

Shops:
D:6 :

Annotations:
D:2 exclusion: downstairs
Lair:5 exclusion: downstairs
Lair:6 2 runed doors


Innate Abilities, Weirdness & Mutations

You have a short attention span.
You have very sharp teeth.
Your uncanny sense of smell can sniff out nearby items.


Message History

The molten gargoyle is moderately damaged.
The molten gargoyle hits you with a mace!!
You are engulfed in flames!
You hit the molten gargoyle but do no damage.
The molten gargoyle is moderately damaged.
The molten gargoyle blasts magma at you!
The bolt of magma hits you!
* * * LOW HITPOINT WARNING * * *
Your transformation has ended.
Your +0 fustibalus unmelds from your body.
Your scarf of repulsion unmelds from your body.
Your +1 helmet unmelds from your body.
Your +0 pair of boots unmelds from your body.
Your +0 buckler unmelds from your body.
The +2 robe "Weyduin" {+Fly rElec rF+ rCorr} unmelds from your body.
You are surrounded by a repulsion field.
The molten gargoyle hits you with a mace!
* * * LOW HITPOINT WARNING * * *
You are engulfed in flames.
You resist.
You die...

..#####....##########§##.........
.######.....#8#8###≈≈≈##.........
####8#.........####≈≈####........
#####...........##§≈#####........
####8....#.†.....§≈######........
####.....#..÷..#≈≈§≈######.......
≈##.....#≈...).#≈≈§≈#####........
§≈###††.§§...#§.9##§#####....#...
§≈≈#..#§§§≈###§.@.#§≈####..P.#.##
##≈..≈≈≈..≈≈§§≈§##§.§≈###...#####
#...#.≈.######≈≈#..§§≈8###..#...#
..###≈.##..DS##≈≈...≈§## #..##.P.
....#≈≈#....)$#§§≈...≈≈###.P....P
.......+.....$#§≈§...§§8##PPP...P
.......+.....(#§§≈....≈###.P.####
....≈≈≈#....|[#≈§≈...§≈8########.
.....≈≈##...$##≈≈...§§§## #.P


You could see a molten gargoyle.

Vanquished Creatures
  The ghost of GoodGuyCisco the Zephyrmancer, a journeyman DrAE of Vehumet (Lair:4)
  Josephine (Lair:5)
  Harold (Lair:1)
  4 hydras
  Erica (D:10)
  5 death yaks
  2 two-headed ogres
  An unseen horror (D:10)
  A lindwurm (Lair:6)
  3 elephants
  Joseph (Lair:1)
  Maurice (D:9)
  2 molten gargoyles (Lair:6)
  12 black mambas
  11 spiny frogs
  9 komodo dragons
  A rime drake (Lair:4)
  The ghost of JimmahDean the Changer, a novice OpTm of Gozag (D:6)
  3 polar bears
  16 blink frogs
  The ghost of Likado the Caller, an amateur MfSu (D:5)
  9 hippogriffs
  2 spriggans (Lair:3)
  7 wyverns
  3 wraiths (Lair:5)
  39 yaks
  A basilisk (Lair:1)
  A steam dragon (Lair:6)
  6 swamp worms (Lair:2)
  17 water moccasins
  Duvessa (D:6)
  6 hell hounds
  5 porcupines
  5 black bears
  An orc warrior (D:6)
  3 sky beasts
  2 ice beasts
  A hornet zombie (D:9)
  4 ogres
  A necrophage (D:7)
  6 centaurs
  18 wolves
  10 crocodiles
  The ghost of wraithjt the Digger, an amateur OpEE (D:3)
  A big kobold (D:10)
  Blork the orc (D:5)
  15 bullfrogs
  Dowan (D:6)
  3 scorpions
  4 killer bees (D:7)
  3 wights (D:9)
  An electric eel (Lair:2)
  4 howler monkeys
  2 crimson imps
  6 hounds
  7 jellies
  4 lava snakes (Lair:6)
  2 bullfrog zombies (D:7)
  A centaur zombie (D:7)
  6 orc priests
  4 bullfrog skeletons
  8 orc wizards
  2 iguanas (D:9)
  7 worker ants
  A hound skeleton (D:10)
  8 mummies (Ossuary)
  Robin (D:3)
  15 adders
  A shadow imp (D:6)
  7 oozes
  An adder skeleton (D:9)
  5 worms
  2 leopard geckos
  52 orcs
  2 giant cockroaches
  3 gnoll zombies (Ossuary)
  16 goblins
  10 hobgoblins
  7 jackals
  12 kobolds
  5 quokkas
  4 ball pythons
  11 bats
  5 frilled lizards
  A hobgoblin zombie (Ossuary)
  A jackal skeleton (D:4)
  2 kobold zombies (Ossuary)
  A leopard gecko skeleton (D:8)
  2 orc zombies (Ossuary)
  15 rats
499 creatures vanquished.

Vanquished Creatures (others)
  A bullfrog (D:6)
  An orc (D:6)
  A ball python (D:6)
  16 fungi
  13 plants
32 creatures vanquished.

Grand Total: 531 creatures vanquished

Notes
Turn   | Place    | Note
-------+----------+-------------------------------------------
     0 | D:1      | Griselidis the Gnoll Transmuter began the quest for the Orb.
     0 | D:1      | Reached XP level 1. HP: 15/15 MP: 4/4
   148 | D:1      | Reached XP level 2. HP: 19/22 MP: 4/6
   507 | D:1      | Reached XP level 3. HP: 27/27 MP: 8/8
   786 | D:1      | Got a heavy robe
   797 | D:1      | Identified the +2 robe "Weyduin" {+Fly rElec rF+ rCorr} (You found it on level 1 of the Dungeon)
  1280 | D:2      | Found a burning altar of Makhleb.
  1292 | D:2      | Reached skill level 1 in Throwing
  1292 | D:2      | Reached skill level 5 in Unarmed Combat
  1292 | D:2      | Reached XP level 4. HP: 28/34 MP: 7/10
  1592 | D:2      | Learned a level 3 spell: Spider Form
  1768 | D:3      | Noticed wraithjt's ghost (amateur OpEE)
  1804 | D:2      | Learned a level 4 spell: Ice Form
  1884 | D:3      | Reached XP level 5. HP: 39/39 MP: 10/12
  1951 | D:3      | Reached skill level 1 in Ice Magic
  2077 | D:3      | Noticed Robin
  2085 | D:3      | Killed Robin
  2442 | D:3      | Reached skill level 5 in Spellcasting
  2762 | D:3      | Killed wraithjt's ghost
  2762 | D:3      | Reached skill level 1 in Slings
  2762 | D:3      | Reached XP level 6. HP: 47/47 MP: 4/14
  3495 | D:4      | Reached skill level 6 in Unarmed Combat
  4039 | D:4      | Reached skill level 5 in Transmutations
  4078 | D:4      | Reached XP level 7. HP: 41/53 MP: 15/15
  4678 | D:5      | Entered Level 5 of the Dungeon
  4797 | D:5      | Noticed Blork the orc
  4808 | D:5      | Killed Blork the orc
  4821 | D:5      | Noticed Likado's ghost (amateur MfSu)
  4854 | D:5      | Killed Likado's ghost
  4854 | D:5      | Reached skill level 7 in Unarmed Combat
  4857 | D:5      | Reached XP level 8. HP: 60/60 MP: 11/18
  5448 | D:5      | Reached skill level 5 in Dodging
  5500 | D:5      | Found a staircase to the Ecumenical Temple.
  5949 | Temple   | Entered the Ecumenical Temple
  5967 | Temple   | Became a worshipper of Ashenzari the Shackled
  6072 | D:6      | Learned a level 5 spell: Blade Hands
  6109 | D:6      | Noticed JimmahDean's ghost (novice OpTm)
  6110 | D:6      | Noticed Dowan
  6129 | D:6      | Killed JimmahDean's ghost
  6129 | D:6      | Reached skill level 5 in Fighting
  6129 | D:6      | Reached skill level 1 in Evocations
  6132 | D:6      | Noticed Duvessa
  6169 | D:6      | Found a radiant altar of Vehumet.
  6177 | D:6      | Found a white marble altar of Elyvilon.
  6193 | D:6      | Found Lirew's Book Boutique.
  6311 | D:6      | Found a stormy altar of Qazlal.
  6312 | D:6      | Found an ancient bone altar of Kikubaaqudgha.
  6312 | D:6      | Found a deep blue altar of Sif Muna.
  6313 | D:6      | Found a glowing golden altar of the Shining One.
  6424 | D:6      | Reached XP level 9. HP: 68/68 MP: 20/20
  6448 | D:6      | Found a sand-covered staircase.
  6530 | Ossuary  | Entered an ossuary
  7406 | D:6      | Killed Duvessa
  7410 | D:6      | Killed Dowan
  7538 | D:7      | Reached * piety under Ashenzari
  7657 | D:7      | Reached skill level 8 in Unarmed Combat
  7728 | D:7      | Reached skill level 5 in Throwing
  8066 | D:7      | Reached skill level 5 in Ice Magic
  8424 | D:8      | Reached skill level 5 in Slings
  8427 | D:8      | Reached XP level 10. HP: 76/77 MP: 19/22
  8483 | D:8      | Noticed a two-headed ogre
  8513 | D:8      | Killed a two-headed ogre
  9613 | D:9      | Noticed Maurice
  9644 | D:9      | Killed Maurice
  9895 | D:9      | Found an ornate altar of the Wu Jian Council.
  9998 | D:9      | Reached skill level 9 in Unarmed Combat
 10204 | D:10     | Entered Level 10 of the Dungeon
 10502 | D:10     | Noticed Erica
 10513 | D:10     | Killed Erica
 10513 | D:10     | Reached skill level 5 in Evocations
 10521 | D:10     | Reached XP level 11. HP: 81/84 MP: 24/24
 10651 | D:10     | Reached ** piety under Ashenzari
 10764 | D:10     | Found a staircase to the Lair.
 10934 | D:10     | Killed an unseen horror
 11377 | D:10     | Noticed a two-headed ogre
 11487 | D:10     | Killed a two-headed ogre
 12010 | Lair:1   | Entered Level 1 of the Lair of Beasts
 12215 | Lair:1   | Noticed Harold
 12371 | Lair:1   | Reached skill level 1 in Stealth
 12389 | Lair:1   | Noticed Joseph
 12559 | Lair:1   | Learned a level 3 spell: Ozocubu's Armour
 12625 | Lair:1   | Killed Joseph
 12778 | Lair:1   | Killed Harold
 13612 | Lair:2   | Found a staircase to the Swamp.
 14111 | Lair:2   | Reached XP level 12. HP: 93/93 MP: 21/25
 14189 | Lair:3   | Found a hole to the Spider Nest.
 14370 | Lair:3   | Reached skill level 10 in Unarmed Combat
 15527 | Lair:2   | Noticed a six-headed hydra
 15546 | Lair:2   | Killed a six-headed hydra
 15945 | Lair:2   | Got the uncursed leather armour of Death's Door {rC+}
 15954 | Lair:2   | Reached skill level 5 in Stealth
 16845 | Lair:3   | Reached *** piety under Ashenzari
 17313 | Lair:3   | Reached XP level 13. HP: 100/100 MP: 22/26
 17664 | Lair:4   | Noticed GoodGuyCisco's ghost (journeyman DrAE)
 17704 | Lair:4   | Killed GoodGuyCisco's ghost
 19637 | Lair:5   | Noticed Josephine
 19683 | Lair:5   | Killed Josephine
 19683 | Lair:5   | Reached skill level 10 in Spellcasting
 20223 | Lair:5   | Reached skill level 10 in Transmutations
 20877 | Lair:5   | Reached **** piety under Ashenzari
 21007 | Lair:5   | Reached skill level 1 in Shields
 21371 | Lair:6   | Entered Level 6 of the Lair of Beasts
 21702 | Lair:6   | Reached XP level 14. HP: 80/108 MP: 28/28
 21940 | Lair:6   | Found a staircase to the Slime Pits.
 22214 | Lair:6   | Found an iron altar of Okawaru.
 22341 | Lair:6   | Reached skill level 11 in Unarmed Combat
 23150 | Lair:6   | Found a large runed door.
 23150 | Lair:6   | Found a large runed door.
 23508 | Lair:6   | HP: 4/108 [molten gargoyle/mace (17)]
 23508 | Lair:6   | Slain by a molten gargoyle

Vault maps used:
D:1:      lightli_iron_boxes, hangedman_decor_points, dk_noncrumbling_3,
          serial_park_tiny_pond, serial_bayou_lake_a
D:2:      makhleb_heckhound_becter
D:3:      uniq_robin
D:4:      first_bread
D:5:      cheibrodos_helix_gallery, temple_doors_e, cheibrodos_sewer_entry_bend,
          uniq_blork_the_orc
D:6:      chequers_temple_overflow_statue_of_worship, fiery_altar_vehumet,
          serial_shops, shop, enter_ossuary_5, basic_altar, uniq_duvessa
D:9:      kennysheep_little_box, uniq_maurice
D:10:     minmay_lair_entry_lava, hangedman_little_slice_of_home, uniq_erica
D:11:     minmay_orc_entry_temple_large, special_room, nicolae_blasting_shop,
          uniq_erolcha, uniq_fannar
Temple:   eino_temple_scatter_basement
Lair:1:   minmay_guarded_unrand_snakebite, uniq_joseph, uniq_harold
Lair:2:   nicolae_swamp_entry_splash_gauntlet, minivault_23,
          nicolae_quartered_pool_super, beast_lair_carwin_9
Lair:3:   dummy_spider_entry, forest_entry_grove, lemuel_fruit_tree
Lair:4:   beast_lair_carwin_6, lemuel_fruit_fields, grunt_megastairs_3
Lair:5:   columned_hall_lemuel, hibernation_bobbens, grunt_megastairs_1,
          uniq_josephine
Lair:6:   cheibrodos_lair_end_hotspot, minmay_slime_entry_pillars, basic_altar
Ossuary:  ossuary_tomb_3

Skill      XL: |  1  2  3  4  5  6  7  8  9 10 11 12 13 14 |
---------------+-------------------------------------------+-----
Fighting       | 2 3 4 5 6 7 8 9 |  9.4
Spellcasting   | 4 5 6 7 8 9 10 | 10.2
Throwing       | 1 2 4 5 6 7 8 9 |  9.4
Unarmed Combat | 5 6 7 8 9 10 11 | 11.0
Transmutations | 4 5 7 8 9 10 | 10.1
Ice Magic      | 1 2 3 5 |  5.0
Slings         | 1 2 3 5 6 7 8 9 |  9.1
Dodging        | 4 5 6 7 8 9 |  9.5
Evocations     | 1 3 5 7 8 9 |  9.0
Stealth        | 3 5 7 8 |  8.0
Shields        | 1 3 |  3.9

Action                   |  1- 3 |  4- 6 |  7- 9 | 10-12 | 13-15 || total
-------------------------+-------+-------+-------+-------+-------++-------
Melee: Unarmed           |    73 |   107 |   290 |   529 |   454 ||  1453
       Kick              |     8 |    11 |     3 |       |       ||    22
       Punch             |     3 |       |       |     3 |     6 ||    12
       Bite              |     4 |     1 |    12 |     2 |    12 ||    31
       Headbutt          |     2 |       |       |       |       ||     2
 Fire: Hunting sling     |    62 |   119 |    90 |   126 |    26 ||   423
       Blowgun           |       |    15 |    14 |    31 |     7 ||    67
       Fustibalus        |       |       |       |       |   126 ||   126
 Cast: Beastly Appendage |    12 |    11 |     3 |       |       ||    26
       Spider Form       |       |    10 |    13 |    22 |    18 ||    63
       Ice Form          |       |     1 |    14 |    32 |    27 ||    74
       Blade Hands       |       |       |     4 |     8 |    15 ||    27
       Ozocubu's Armour  |       |       |       |     1 |       ||     1
Invok: Curse Item        |       |       |       |     2 |     1 ||     3
       Scrying           |       |       |       |       |     1 ||     1
 Abil: End Transformatio |       |     4 |     7 |     3 |    22 ||    36
       Evoke Flight      |       |     1 |       |       |       ||     1
       Evoke Berserk Rag |       |       |       |     5 |    13 ||    18
Evoke: Wand              |       |       |       |     3 |       ||     3
  Use: Scroll            |       |       |    19 |    12 |     1 ||    32
       Potion            |       |       |     2 |     1 |     1 ||     4
 Stab: Sleeping          |     1 |       |     1 |     2 |     1 ||     5
  Eat: Chunk             |     1 |    10 |    13 |    33 |    33 ||    90
       Royal jelly       |       |       |     2 |     2 |     2 ||     6
Armor: Robe              |    28 |    20 |    20 |     6 |    16 ||    90
       Skin              |       |     7 |    27 |    33 |    31 ||    98
Dodge: Dodged            |    60 |   104 |   199 |   342 |   360 ||  1065
       Deflected         |       |       |       |       |     3 ||     3
Block: Buckler           |       |       |       |       |     1 ||     1
